 Dungeon Crawl Stone Soup version 0.28.0-53-g5a82cb258f (webtiles) character file.

Game seed: 9316584448686506279

54 cbfl8 the Skirmisher (level 3, -3/33 HPs)
             Began as a Hill Orc Fighter on July 31, 2022.
             Slain by a gnoll
             ... wielding a +2 flail of protection
              (11 damage)
             ... on level 2 of the Dungeon.
             The game lasted 00:01:02 (1472 turns).

cbfl8 the Skirmisher (Hill Orc Fighter)             Turns: 1472, Time: 00:01:03

Health: -3/33      AC:  7    Str: 18    XL:     3   Next: 91%
Magic:  3/3        EV:  9    Int:  8    God:
Gold:   82         SH:  4    Dex: 12    Spells: 2/2 levels left

rFire   . . .      SeeInvis .   a - +0 war axe
rCold   . . .      Faith    .   c - +0 buckler
rNeg    . . .      Spirit   .   b - +0 scale mail
rPois   .          Reflect  .   (no helmet)
rElec   .          Harm     .   (no cloak)
rCorr   .          Rampage  .   (no gloves)
Will    .....                   (no boots)
Stlth   ..........              (no amulet)
HPRegen 0.11/turn               (no ring)
MPRegen 0.08/turn               (no ring)

@: no status effects
A: no striking features
a: no special abilities


You were on level 2 of the Dungeon.
You visited 1 branch of the dungeon, and saw 2 of its levels.

You collected 82 gold pieces.

Inventory:

Hand Weapons
 a - a +0 war axe (weapon)
Armour
 b - a +0 scale mail (worn)
 c - a +0 buckler (worn)
Jewellery
 h - an amulet of faith
Scrolls
 e - 2 scrolls of teleportation {unknown}
 f - a scroll of brand weapon {unknown}
 j - a scroll of identify {unknown}
 l - a scroll of summoning {unknown}
Potions
 d - a potion of might
 g - 3 potions of flight {unknown}
 i - a potion of curing {unknown}
 k - a potion of heal wounds {unknown}


   Skills:
 * Level 4.0 Fighting
 * Level 3.7 Axes
 + Level 4.0 Armour
 * Level 0.1 Dodging
 + Level 3.5 Shields
 * Level 0.3 Evocations


You had 2 spell levels left.
You didn't know any spells.
Your spell library contained the following spells:

 Spells                   Type           Power      Damage    Failure   Level
 Ensorcelled Hibernation  Hex/Ice        0%         N/A       95%         2
 Spider Form              Tmut/Pois      0%         N/A       99%         3
 Anguish                  Hex/Necr       0%         N/A       100%        4


Dungeon Overview and Level Annotations

Branches:
Dungeon (2/15)

Altars:


Message History

You closely miss the gnoll. You slash the gnoll!
The gnoll hits you with a +0 spear. You block the gnoll's attack.
The gnoll hits you but does no damage.
Unknown command.
You hit the gnoll.
The gnoll is almost dead.
You hit the gnoll. You block the gnoll's attack.
The gnoll hits you with a +0 spear.
Unknown command.
You slash the gnoll!
You kill the gnoll!
You barely miss the gnoll. You block the gnoll's attack.
The gnoll splashes around in the water.
Unknown command.
You slash the gnoll!
The gnoll is almost dead.
The gnoll hits you with a +0 whip.
Unknown command.
You slash the gnoll!
You kill the gnoll!
You hear a splash.
Your Armour skill increases to level 4!
No target in view!
You climb downwards.
The gnoll hits you with a +2 flail of protection.
There is a stone staircase leading up, spattered with blood here.
You closely miss the gnoll.
The gnoll hits you with a +2 flail of protection.
You barely miss the gnoll. You closely miss the gnoll.
The gnoll barely misses you. The gnoll hits you but does no damage.
You slash the gnoll!
The gnoll is severely wounded.
You hit the gnoll but do no damage. The gnoll hits you but does no damage.
The gnoll hits you with a +2 flail of protection!
The gnoll hits you with a +0 whip.
* * * LOW HITPOINT WARNING * * *
You are too injured to fight recklessly!
You are too injured to fight recklessly!
The gnoll hits you with a +2 flail of protection!
You die...

##+####.>..# #....##....#
#....##....# #....##....#
#####....###'###
.......).# #.#############
.......### #(............#
.......#################.#
.......#.......g@..# #.#
######.#.#######g#.# #.#
######.# !..#.# #.#
.......###########.# #.#
.......'...........# #.#
.......###########.# #.#
..(....#################.#
######...................#
#.###################


You could see 2 gnolls.

Vanquished Creatures
  2 gnolls (D:1)
  2 worms (D:2)
  5 endoplasms
  4 goblins (D:1)
  A hobgoblin (D:1)
  3 kobolds
  A quokka (D:1)
  5 ball pythons
  2 bats (D:2)
  3 frilled lizards
28 creatures vanquished.

Vanquished Creatures (others)
  4 toadstools (D:1)
4 creatures vanquished.

Grand Total: 32 creatures vanquished

Notes
Turn   | Place    | Note
-------+----------+-------------------------------------------
     0 | D:1      | cbfl8 the Hill Orc Fighter began the quest for the Orb.
     0 | D:1      | Reached XP level 1. HP: 19/19 MP: 1/1
    12 | D:1      | Found a faded altar of an unknown god.
   356 | D:1      | Reached XP level 2. HP: 23/27 MP: 2/2
  1182 | D:2      | Reached XP level 3. HP: 33/33 MP: 3/3
  1472 | D:2      | Slain by a gnoll

Illustrated notes

Levels and vault maps discovered:
D:1:      ldierk_water_garden, layout_basic, hellmonk_ecumenical_altar_run_dry
D:2:      layout_basic

Skill      XL: |  1  2  3 |
---------------+----------+-----
Axes           | 3 |  3.7
Fighting       | 4 |  4.0
Armour         | 4 |  4.0
Dodging        | |  0.1
Shields        | |  3.5
Evocations     | |  0.3

Action                   || total
-------------------------++-------
Melee: War axe           ||    84
Armor: Scale mail        ||    37
Dodge: Dodged            ||    33
Block: Buckler           ||    16
